 Dungeon Crawl Stone Soup version 0.28-a0-1518-gbe868bca14 (webtiles) character file.

Game seed: 8359862166533925623

166 Crownlay the Chopper (level 5, 0/45 HPs)
             Began as a Hill Orc Fighter on Jan 16, 2022.
             Slain by a bullfrog (5 damage)
             ... in a sewer.
             The game lasted 00:02:39 (2672 turns).

Crownlay the Chopper (Hill Orc Fighter)             Turns: 2672, Time: 00:02:40

Health: 0/45       AC:  8    Str: 21    XL:     5   Next: 47%
Magic:  5/5        EV:  9    Int:  8    God:
Gold:   105        SH:  4    Dex: 10    Spells: 4/4 levels left

rFire   . . .      SeeInvis .   a - +0 war axe
rCold   . . .      Faith    .   c - +0 buckler
rNeg    . . .      Spirit   .   b - +0 scale mail
rPois   .          Reflect  .   (no helmet)
rElec   .          Harm     .   (no cloak)
rCorr   .          Rampage  .   n - +0 pair of gloves
Will    .....                   (no boots)
Stlth   ..........              (no amulet)
HPRegen 0.15/turn               (no ring)
MPRegen 0.09/turn               (no ring)

@: mighty, very slow
A: no striking features
a: no special abilities


You were in a sewer.
You visited 1 branch of the dungeon, and saw 3 of its levels.
You also visited: Sewer.

You collected 105 gold pieces.

Inventory:

Hand Weapons
 a - a +0 war axe (weapon)
Missiles
 g - 3 javelins (quivered)
Armour
 b - a +0 scale mail (worn)
 c - a +0 buckler (worn)
 n - a +0 pair of gloves (worn)
Scrolls
 h - a scroll of brand weapon {unknown}
 j - a scroll of noise {unknown}
 l - a scroll of identify {unknown}
 o - 2 scrolls of enchant armour {unknown}
 p - a scroll of blinking {unknown}
Potions
 e - 2 potions of heal wounds {unknown}
 f - 2 potions of haste {unknown}
 i - 4 potions of curing {unknown}
 k - a potion of attraction {unknown}
 m - a potion of degeneration {unknown}
 q - a potion of flight {unknown}
 r - a potion of invisibility {unknown}


   Skills:
 - Level 3.6 Fighting
 * Level 6.8 Axes
 - Level 3.2 Armour
 - Level 4.0 Shields


You had 4 spell levels left.
You didn't know any spells.
Your spell library was empty.

Dungeon Overview and Level Annotations

Branches:
Dungeon (3/15)              Sewer (1/1)

Altars:


Message History

You block the ball python's attack. The ball python constricts you.
The ball python barely misses you. The bullfrog hits you.
You block the ball python's attack. The frilled lizard bites you.
The ball python barely misses you. You block the ball python's attack.
The ball python constricts you.
You are too injured to fight recklessly!
You are too injured to fight recklessly!
Okay, then.
You feel very mighty all of a sudden.
The bullfrog hits you but does no damage.
The ball python bites you.
The ball python bites you but does no damage.
The ball python closely misses you.
The ball python bites you but does no damage.
The ball python constricts you.
The frilled lizard hisses.
The frilled lizard closely misses you. The bullfrog closely misses you.
You block the ball python's attack.
The ball python bites you but does no damage.
You closely miss the bullfrog. You barely miss the frilled lizard.
You slash the ball python!
You kill the ball python!
You barely miss the ball python. You slash the ball python!
You kill the ball python!
You slash the ball python!
You kill the ball python!
The bullfrog hits you. You block the frilled lizard's attack.
The ball python bites you but does no damage.
The ball python grabs you. The ball python constricts you.
The ball python bites you.
* * * LOW HITPOINT WARNING * * *
The bullfrog hits you.
* * * LOW HITPOINT WARNING * * *
You block the bullfrog's attack.
You escape the ball python's grasp.
The bullfrog barely misses you.
The ball python bites you but does no damage.
The ball python barely misses you. The bullfrog hits you.
* * * LOW HITPOINT WARNING * * *
The bullfrog hits you.
You die...

##.. #####. #..'††
#..#.. ####..
+####################...
....≈≈≈≈≈≈≈≈≈≈≈≈≈≈≈.....
...≈≈≈≈≈l≈≈≈≈≈≈≈≈≈≈≈....
...≈≈≈≈@F≈≈≈≈≈≈≈≈≈≈≈....
...≈≈≈SSF≈≈≈≈≈≈≈≈≈≈≈....
...≈≈≈≈≈#†..≈#≈≈≈≈≈≈...#
....≈≈≈≈≈≈≈≈≈≈≈≈≈≈≈#.###
######################


You could see 2 bullfrogs, 2 ball pythons and a frilled lizard.

Vanquished Creatures
  A centaur zombie (D:3)
  2 adders
  3 river rats
  A worm (D:2)
  4 dart slugs
  3 giant cockroaches
  5 goblins
  8 hobgoblins (D:1)
  2 jackals (D:1)
  2 quokkas (D:3)
  17 ball pythons
  5 frilled lizards
  7 kobolds
  34 rats
94 creatures vanquished.

Notes
Turn   | Place    | Note
-------+----------+-------------------------------------------
     0 | D:1      | Crownlay the Hill Orc Fighter began the quest for the Orb.
     0 | D:1      | Reached XP level 1. HP: 19/19 MP: 1/1
    33 | D:1      | Noticed an ogre
    71 | D:1      | Reached XP level 2. HP: 24/26 MP: 2/2
   102 | D:1      | Reached skill level 3 in Axes
   515 | D:1      | Reached XP level 3. HP: 30/31 MP: 3/3
   567 | D:1      | Reached skill level 4 in Axes
  1477 | D:2      | Found a faded altar of an unknown god.
  2040 | D:3      | Reached skill level 5 in Axes
  2040 | D:3      | Reached XP level 4. HP: 26/39 MP: 4/4
  2295 | D:3      | Found a glowing drain.
  2304 | Sewer    | Entered a sewer
  2376 | Sewer    | Reached skill level 6 in Axes
  2435 | Sewer    | Reached XP level 5. HP: 45/45 MP: 5/5
  2672 | Sewer    | Slain by a bullfrog

Illustrated notes

Levels and vault maps discovered:
D:1:      evilmike_arrival_come_back, layout_rooms
D:2:      layout_loops_ring, shapermc_ecumenical_altar_mp_urbaneastern,
          serial_rivers, chequers_serial_rivers_small_b,
          chequers_serial_rivers_large_b, chequers_serial_rivers_large_a,
          chequers_serial_rivers_micro_b, chequers_serial_rivers_micro_c,
          chequers_serial_rivers_small_b
D:3:      layout_rooms, gup_sewer_entry_bubbles
Sewer:    sewer_minmay_w

Skill      XL: |  1  2  3  4 |
---------------+-------------+-----
Shields        | 4 |  4.0
Axes           | 3 5 6 |  6.8
Fighting       | |  3.6
Armour         | |  3.2

Action                   |  1- 3 |  4- 6 || total
-------------------------+-------+-------++-------
Melee: War axe           |   111 |   124 ||   235
Throw: Javelin           |     1 |       ||     1
  Use: Potion            |       |     1 ||     1
Armor: Scale mail        |    48 |    75 ||   123
Dodge: Dodged            |    59 |    86 ||   145
Block: Buckler           |    25 |    42 ||    67

Table legend: (Time is in decaauts)
 A = Elapsed time spent in this place.
 B = Non-inter-level travel time spent in this place.
 C = Inter-level travel time spent in this place.
 D = Time resting spent in this place.
 E = Time spent auto-exploring this place.
 F = Levels seen in this place.
 G = Mean time per level.
                   A        B        C        D        E       F      G
               +--------+--------+--------+--------+--------+-----+--------+
         Total |   2845 |   2777 |     68 |    177 |   2016 |   4 |  711.2 |
       Dungeon |   2423 |   2355 |     68 |    177 |   1760 |   3 |  807.7 |
         Sewer |    421 |    421 |      0 |      0 |    256 |   1 |  421.0 |
               +--------+--------+--------+--------+--------+-----+--------+

Top non-repeatable levels by time:
     D:1: 1110 daAuts
     D:2: 966 daAuts
   Sewer: 421 daAuts
     D:3: 347 daAuts
